 Dungeon Crawl Stone Soup version 0.22-a0-858-g985ef60 (webtiles) character file.

2 Amnesiac the Vexing (level 1, 0/13 HPs)
             Began as a Mummy Enchanter on July 27, 2018.
             Slain by a worker ant (1 damage)
             ... on level 3 of the Dungeon.
             The game lasted 00:00:54 (114 turns).

Amnesiac the Vexing (Mummy Enchanter)                Turns: 114, Time: 00:00:55

Health: 0/13       AC:  2    Str: 11    XL:     1   Next: 33%
Magic:  4/4        EV: 12    Int: 14    God:
Gold:   13         SH:  0    Dex: 12    Spells: 4/5 levels left

rFire    x . .     SeeInvis .   a - +1 dagger
rCold    + . .     Gourm    .   (no shield)
rNeg     + + +     Faith    .   b - +0 robe
rPois    ∞         Spirit   .   (no helmet)
rElec    .         Reflect  .   (no cloak)
rCorr    .         Harm     .   (no gloves)
MR       .....                  (no boots)
Stlth    ++........             (no amulet)
HPRegen  0.04/turn              (no ring)
MPRegen  0.09/turn              (no ring)

@: no status effects
A: no food or potions, fire vulnerability, cold resistance 1, negative energy
resistance 3, torment resistance, unbreathing
a: no special abilities


You were on level 3 of the Dungeon.
You were not hungry.

You visited 1 branch of the dungeon, and saw 3 of its levels.

You collected 13 gold pieces.

Inventory:

Hand Weapons
 a - a +1 dagger (weapon)
Armour
 b - a +0 robe (worn)


   Skills:
 + Level 0.8 Short Blades
 - Level 1.5 Dodging
 - Level 2.4 Stealth
 + Level 2.7 Spellcasting
 * Level 2.8 Hexes


You had 4 spell levels left.
You knew the following spells:

 Your Spells              Type           Power        Failure   Level  Hunger
a - Corona                Hex            #......      7%          1    N/A

Your spell library contained the following spells:

 Spells                   Type           Power        Failure   Level  Hunger
 Confuse                  Hex            #.......     22%         3    N/A
 Tukima's Dance           Hex            #.......     22%         3    N/A
 Ensorcelled Hibernation  Hex/Ice        #.....       19%         2    N/A
 Dazzling Spray           Conj/Hex       #.....       36%         3    N/A

Dungeon Overview and Level Annotations

Branches:
Dungeon (3/15)

Altars:


Innate Abilities, Weirdness & Mutations

You do not eat or drink.
Your flesh is vulnerable to fire.
You are immune to poison.
Your flesh is cold resistant. (rC+)
You are immune to negative energy. (rN+++)
You are immune to unholy pain and torment.
You can survive without breathing.


Message History

Casting: Corona (safe; 8% risk of failure)
Confirm with . or Enter, or press ? or * to list all spells.
Aiming: Corona (safe; 8% risk of failure)
Press: ? - help, Shift-Dir - straight line, f - giant cockroach
Aim: a giant cockroach (clinging, chance to defeat MR: 62%)
The giant cockroach is outlined in light.
The giant cockroach bites you.
* * * LOW HITPOINT WARNING * * *
Unknown command.
Found 13 gold pieces.
The giant cockroach closely misses you.
You hit the giant cockroach.
The giant cockroach is severely wounded.
The giant cockroach bites you but does no damage.
You hit the giant cockroach.
The giant cockroach is almost dead.
The giant cockroach misses you.
You hit the giant cockroach.
You kill the giant cockroach!
Casting: Corona (safe; 7% risk of failure)
Confirm with . or Enter, or press ? or * to list all spells.
Aiming: Corona (safe; 7% risk of failure)
Press: ? - help, Shift-Dir - straight line, f - goblin
Aim: a goblin, wielding a dagger (chance to defeat MR: 62%)
The goblin is outlined in light.
The goblin hits you with a dagger.
* * * LOW HITPOINT WARNING * * *
Unknown command.
You hit the goblin.
You kill the goblin!
You now have 13 gold pieces.
You start resting.
Magic restored.
You start resting.
The rat is too close now for your liking.
Casting: Corona (safe; 7% risk of failure)
Confirm with . or Enter, or press ? or * to list all spells.
Aiming: Corona (safe; 7% risk of failure)
Press: ? - help, Shift-Dir - straight line, f - rat
Aim: a rat (hasn't noticed you, chance to defeat MR: 62%)
The rat is outlined in light.
Unknown command.
You hit the rat.
You kill the rat!
You see here a rat corpse.
A worker ant and a goblin come into view.
The worker ant twitches its antennae in your direction.
There are monsters nearby!
There are monsters nearby!
You see here a rat corpse.
Things that are here:
a dagger; a giant cockroach corpse The orc shouts!
The orc throws a tomahawk.
The tomahawk misses you.
You see here a tomahawk.
The orc throws a tomahawk.
The tomahawk barely misses you.
You see here a tomahawk.
The orc throws a tomahawk.
The tomahawk hits you.
* * * LOW HITPOINT WARNING * * *
You see here a tomahawk.
You see here a leather armour.
There is a stone staircase leading up here.
You can't go down here!
The worker ant bites you.
You die...

#...o.#.##†#
#.....#.##)#
#......(..#
.#####o#### #a# #.#
. .#####.###### #.#
#.........[..##.l...
#######..o.a@.......
#########..... ####


You could see a worker ant, an orc and a frilled lizard (sleeping).

Vanquished Creatures
  A giant cockroach (D:3)
  A goblin (D:3)
  A rat (D:3)
3 creatures vanquished.

Notes
Turn   | Place    | Note
-------+----------+-------------------------------------------
     0 | D:1      | Amnesiac the Mummy Enchanter began the quest for the Orb.
     0 | D:1      | Reached XP level 1. HP: 13/13 MP: 4/4
    99 | D:3      | Noticed a worker ant
   114 | D:3      | Slain by a worker ant

Vault maps used:
D:1:      dpeg_arrival_caged_fury
D:2:      kennysheep_generic_room_7
D:3:      nicolae_overflow_hidden_temple, serial_glass, glass_columns_a,
          glass_columns_b, glass_columns_a, glass_columns_b, first_ration,
          uniq_sigmund, uniq_robin, uniq_crazy_yiuf_cottage, uniq_natasha

Action                   || total
-------------------------++-------
Melee: Dagger            ||     5
 Cast: Corona            ||     3
Armor: Robe              ||     3
Dodge: Dodged            ||     8

Table legend:
 A = Spawn XP
 B = Non-spawn XP
 C = Spawn XP percentage of total XP
 D = Spawn monster count
 E = Non-spawn monster count
 F = Spawn count percentage of total count
 G = Total turns spent on level
                    A         B        C        D         E        F      G
               +---------+---------+-------+---------+---------+-------+---------
         Total |       0 |       4 |   0.0 |       0 |       3 |   0.0 |   114
               +---------+---------+-------+---------+---------+-------+---------
           D:3 |       0 |       4 |   0.0 |       0 |       3 |   0.0 |   103
               +---------+---------+-------+---------+---------+-------+---------
